cohdb
Replays
Latest Replays
All Replays
Popular Replays
Top Player Replays
Match Explorer
How It Works
Community
CoH3 Stats
Reddit
Sign in to upload your games and track your stats! →
Sign in with Steam
Match 45617357
Unlisted
Match 45617357
Overview
Messages
Build Orders
End
Construct Infanterie Kompanie
Selects Terror Battlegroup
Selects Machine Gun Camouflage
Kettenkrad Recon Vehicle
MG 42 Machine Gun Team
MG 42 Machine Gun Team
Pioneer Squad
Construct Panzergrenadier Kompanie
251 Medium Carrier
Medical Station
Support Elements
Selects Contempt for the Weak
StuG III G Assault Gun
StuG III G Assault Gun
Panzergrenadier Officer Quarters
251 Medium Carrier
Panzergrenadier Squad
Side Skirts
Selects No Quarter
StuG III G Assault Gun
Selects Jericho Trumpet
Alloyzy Klex®
SEPH
companyHOLLAND
Bego
0
0
Comments
sign in to comment!
No comments posted yet!